 Dungeon Crawl Stone Soup version 0.23.2-11-gf996548c65 (webtiles) character file.

Game seed: 4635210409122053833

761 TrebMcFLY the Chopper (level 7, -5/64 HPs)
             Began as a Deep Dwarf Berserker on June 4, 2019.
             Was an Elder of Trog.
             Slain by Menkaure (12 damage)
             ... on level 4 of the Dungeon.
             The game lasted 00:15:43 (3427 turns).

TrebMcFLY the Chopper (Deep Dwarf Berserker)        Turns: 3427, Time: 00:15:44

Health: -5/64      AC: 13    Str: 24    XL:     7   Next: 51%
Magic:  8/8        EV:  9    Int:  8    God:    Trog [****..]
Gold:   233        SH:  4    Dex: 12    Spells: 6/6 levels left

rFire    . . .     SeeInvis .   a - +0 hand axe
rCold    . . .     Gourm    .   A - +0 buckler
rNeg     . . .     Faith    .   k - +0 chain mail
rPois    .         Spirit   .   s - +0 helmet
rElec    .         Reflect  .   n - +0 cloak
rCorr    .         Harm     .   z - +0 pair of gloves
MR       +....     Rnd*Tele +   (no boots)
Stlth    ..........             (no amulet)
HPRegen  0.00/turn              x - ring of teleportation (curse)
MPRegen  0.11/turn              r - +2 ring of strength

@: berserk cooldown, non-regenerating, slowed, very slow
A: damage resistance, heal wounds, sense surroundings 1, no regeneration
a: Heal Wounds, Berserk, Trog's Hand, Brothers in Arms, Renounce Religion


You were on level 4 of the Dungeon.
You worshipped Trog.
Trog was greatly pleased with you.
You were hungry.

You visited 1 branch of the dungeon, and saw 4 of its levels.

You collected 233 gold pieces.

Inventory:

Hand Weapons
 a - a +0 hand axe (weapon)
Armour
 k - a +0 chain mail (worn)
 n - a +0 cloak (worn)
 s - a +0 helmet (worn)
 z - a +0 pair of gloves (worn)
 A - a +0 buckler (worn)
Jewellery
 g - an uncursed ring of ice
 r - a +2 ring of strength (right hand)
 x - a cursed ring of teleportation (left hand)
Wands
 v - a wand of paralysis (8)
Scrolls
 e - 8 scrolls of identify {unknown}
 f - a scroll of remove curse {unknown}
 j - a scroll of amnesia {unknown}
 l - a scroll of fog {unknown}
 o - a scroll of magic mapping {unknown}
 p - a scroll of fear {unknown}
 t - a scroll of noise {unknown}
 w - 2 scrolls of random uselessness {unknown}
 y - a scroll of enchant weapon {unknown}
 B - 2 scrolls of immolation {unknown}
Potions
 b - a potion of berserk rage {unknown}
 d - a potion of flight {unknown}
 h - a potion of magic {unknown}
 i - 4 potions of curing {unknown}
 m - a potion of heal wounds {unknown}
 q - 3 potions of agility {unknown}
 u - a potion of resistance {unknown}
 C - 2 potions of haste {unknown}
Comestibles
 c - 8 rations


   Skills:
 + Level 4.1 Fighting
 * Level 6.4 Axes
 + Level 4.4 Armour
 + Level 4.2 Dodging
 + Level 1.7 Shields
 + Level 2.3 Evocations


You had 6 spell levels left.
You didn't know any spells.
Your spell library was empty.

Dungeon Overview and Level Annotations

Branches:
Dungeon (4/15)             Temple (0/1) D:4

Altars:
Elyvilon
Xom

Shops:
D:4 }

Annotations:
D:4 Menkaure


Innate Abilities, Weirdness & Mutations

You are resistant to damage.
You can heal yourself by infusing magical energy.
You passively map a small area around you.
You do not regenerate.


Message History

You hit Menkaure but do no damage. You block Menkaure's attack.
Menkaure hits you!
* * * LOW HITPOINT WARNING * * *
Your chain mail prevents you from hitting Menkaure.
Menkaure hits you. Menkaure closely misses you.
All of the chunks of flesh in your inventory have rotted away.
You hit Menkaure.
Menkaure is lightly damaged.
Menkaure barely misses you. Menkaure casts a spell at you.
Pain shoots through your body!
* * * LOW HITPOINT WARNING * * *
You hit Menkaure.
Menkaure is heavily damaged.
Menkaure hits you!
* * * LOW HITPOINT WARNING * * *
You hit Menkaure but do no damage.
Menkaure is heavily damaged.
Menkaure hits you!
You die...

#........#.##..##.#...#
#........#.##..#..'.).(
######.....##..##.#...#
#.....##...####'##
#.....##.....#...#
#.#M#.###....##.##
#.#.#.# ###...###.
#.#.#.# #.......
######@#.#.# ##.....#
#.....M#.#.# #####..
#......#.#.# ###
#.....[..#.#
#......###.#
#.......<#.#
####'#####.# #.# #.#
####'### #.#


You could see Menkaure.

Vanquished Creatures
  A phantom (D:4)
  An ice beast (D:3)
  An ogre (D:4)
  4 crimson imps (D:4)
  A hound (D:4)
  An orc priest (D:3)
  An orc wizard (D:3)
  An iguana (D:4)
  2 worker ants (D:4)
  Robin (D:3)
  8 adders
  An ooze (D:2)
  4 worms
  A leopard gecko (D:4)
  10 orcs
  A giant cockroach (D:3)
  12 goblins
  19 hobgoblins
  7 jackals (D:3)
  2 quokkas (D:2)
  A ball python (D:2)
  9 bats
  5 frilled lizards
  8 kobolds
  11 rats
113 creatures vanquished.

Notes
Turn   | Place    | Note
-------+----------+-------------------------------------------
     0 | D:1      | TrebMcFLY the Deep Dwarf Berserker began the quest for the
                  | Orb.
     0 | D:1      | Reached XP level 1. HP: 20/20 MP: 1/1
   223 | D:1      | Reached XP level 2. HP: 14/27 MP: 2/2
   687 | D:2      | Reached ** piety under Trog
   731 | D:2      | Reached XP level 3. HP: 32/33 MP: 3/3
   755 | D:2      | Reached skill level 4 in Axes
  1005 | D:2      | Reached XP level 4. HP: 33/42 MP: 4/4
  1558 | D:3      | Noticed Robin
  1573 | D:3      | Killed Robin
  1574 | D:3      | Reached XP level 5. HP: 49/49 MP: 5/5
  1575 | D:3      | Reached *** piety under Trog
  1699 | D:3      | Noticed an ice beast
  1738 | D:3      | Killed an ice beast
  1738 | D:3      | Reached skill level 5 in Axes
  2166 | D:3      | Reached XP level 6. HP: 26/57 MP: 6/6
  2440 | D:4      | Found a staircase to the Ecumenical Temple.
  2464 | D:4      | Found Puissef's Gadget Shop.
  2746 | D:4      | Found a shimmering altar of Xom.
  2760 | D:4      | Reached skill level 1 in Evocations
  2768 | D:4      | Reached skill level 1 in Shields
  2823 | D:4      | Reached skill level 6 in Axes
  2823 | D:4      | Reached XP level 7. HP: 27/64 MP: 6/8
  2872 | D:4      | Found a white marble altar of Elyvilon.
  3025 | D:4      | Noticed Menkaure
  3211 | D:4      | Reached **** piety under Trog
  3427 | D:4      | Slain by Menkaure

Skill      XL: |  1  2  3  4  5  6  7 |
---------------+----------------------+-----
Fighting       | 3 4 |  4.1
Axes           | 4 5 6 |  6.4
Armour         | 3 4 |  4.4
Dodging        | 3 4 |  4.2
Evocations     | 1 2 |  2.3
Shields        | 1 |  1.7

Action                   |  1- 3 |  4- 6 |  7- 9 || total
-------------------------+-------+-------+-------++-------
Melee: Hand axe          |    98 |   301 |    59 ||   458
Invok: Trog's Hand       |     1 |     3 |     3 ||     7
       Berserk           |       |     3 |     3 ||     6
  Eat: Chunk             |     1 |    10 |     2 ||    13
       Ration            |       |       |     1 ||     1
Armor: Animal skin       |     3 |       |       ||     3
       Leather armour    |     9 |       |       ||     9
       Chain mail        |    23 |   177 |    27 ||   227
Dodge: Dodged            |    69 |   150 |    28 ||   247
Block: Buckler           |       |    14 |     8 ||    22
